 Dungeon Crawl Stone Soup version 0.23.1 (webtiles) character file.

Game seed: 1530883821149285047

114 Kniotic the Gusty (level 4, -3/33 HPs)
             Began as a Centaur Air Elementalist on Mar 2, 2019.
             Slain by Natasha (5 damage)
             ... on level 1 of the Dungeon.
             The game lasted 00:06:14 (3375 turns).

Kniotic the Gusty (Centaur Air Elementalist)        Turns: 3375, Time: 00:06:14

Health: -3/33      AC:  4    Str: 11    XL:     4   Next: 67%
Magic:  0/8        EV:  9    Int: 15    God:
Gold:   81         SH:  0    Dex:  9    Spells: 5/8 levels left

rFire    . . .     SeeInvis .   n - +0 spear
rCold    . . .     Gourm    .   (no shield)
rNeg     . . .     Faith    .   a - +0 robe
rPois    .         Spirit   .   (no helmet)
rElec    .         Reflect  .   (no cloak)
rCorr    .         Harm     .   (no gloves)
MR       .....                  (no barding)
Stlth    +.........             (no amulet)
HPRegen  0.11/turn              (no ring)
MPRegen  0.11/turn              (no ring)

@: flying, very quick
A: large, hooves 3, deformed body, speed 2, tough skin 3
a: no special abilities


You were on level 1 of the Dungeon.
You were not hungry.

You visited 1 branch of the dungeon, and saw 2 of its levels.

You collected 81 gold pieces.

Inventory:

Hand Weapons
 n - a +0 spear (weapon)
Armour
 a - a +0 robe (worn)
Scrolls
 b - a scroll of magic mapping {unknown}
 f - a scroll of remove curse {unknown}
 g - a scroll of fear {unknown}
 h - 3 scrolls of identify {unknown}
 j - a scroll of amnesia {unknown}
 k - a scroll of blinking {unknown}
Potions
 e - a potion of degeneration {unknown}
 i - a potion of might {unknown}
 l - a potion of curing {unknown}
 o - a potion of lignification {unknown}
 p - a potion of brilliance {unknown}
Comestibles
 c - 4 rations
 m - 2 chunks of flesh


   Skills:
 - Level 1.3 Dodging
 - Level 1.1 Stealth
 + Level 2.9 Spellcasting
 - Level 0.8 Conjurations
 + Level 4.0 Air Magic


You had 5 spell levels left.
You knew the following spells:

 Your Spells              Type           Power        Failure   Level  Hunger
a - Shock                 Conj/Air       #...         8%          1    #......
b - Swiftness             Chrm/Air       #.......     14%         2    ##.....

Your spell library contained the following spells:

 Spells                   Type           Power        Failure   Level  Hunger
 Static Discharge         Conj/Air       #.......     22%         3    ###....
 Airstrike                Air            ##........   36%         4    #####..
 Lightning Bolt           Conj/Air       #.........   90%         5    ######.


Dungeon Overview and Level Annotations

Branches:
Dungeon (2/15)

Altars:
Makhleb
Trog

Annotations:
D:1 Natasha


Innate Abilities, Weirdness & Mutations

You have hooves in place of feet.
Armour fits poorly on your strangely shaped body.
You cover ground very quickly.
You have extremely tough skin. (AC +3)


Message History

You closely miss Natasha.
Natasha is severely wounded.
Natasha stares at you and mumbles some strange words.
The magic dart hits you.
* * * LOW HITPOINT WARNING * * *
You barely miss Natasha. Your kick misses Natasha.
Natasha is severely wounded.
Natasha stares at you and mumbles some strange words.
The magic dart hits you!
* * * LOW HITPOINT WARNING * * *
Casting: Shock (safe; 8% risk of failure)
Confirm with . or Enter, or press ? or * to list all spells.
Aiming: Shock (safe; 8% risk of failure)
Press: ? - help, Shift-Dir - straight line, f/p - Natasha
Aim: Natasha (severely wounded)
The zap misses Natasha.
Natasha closely misses you.
It was a potion of flight.
You feel very buoyant.
You fly up into the air.
Natasha claws you.
You die...

,*,.≈..≈<.≈..≈..# *,,,,* *,,,
,*,.≈..≈..≈..≈..# *,,,,* *,**
,#,.≈≈.≈.≈≈..≈..# *,,,,* *,*
.#.,...≈.....≈..# *,,,,*******'**
...,,#.≈.....≈..# ****,.,,,,,,,,*
.#,**#.≈≈≈≈≈≈≈..######..,,,,,,,,*
.#.###.(.(..............,,,,,,,,*
........................,,,,,,,,*
.#........#.###.@h......,,,,,,,,*
.#...###.##+###.......##**)**,,,,
.#,#.........##.......# *,**,***
.#.#..##.#...##.......# *,**,*
.#.#..##.#...##.......# *,**,*
.#.#.........##.......#***,**,*
.#.##.#......##.......#*,,,,,,*
.#.##..÷...........####*,*,*****
.#..#...........,,,*****,*,,,,,*


You could see Natasha.

Vanquished Creatures
  Natasha (twice) (D:1)
  A gnoll (D:1)
  An adder (D:2)
  2 worms (D:2)
  A dart slug (D:1)
  A leopard gecko (D:2)
  5 giant cockroaches
  7 goblins
  3 hobgoblins
  5 bats
  2 frilled lizards (D:1)
  6 kobolds
  7 rats
43 creatures vanquished.

Notes
Turn   | Place    | Note
-------+----------+-------------------------------------------
     0 | D:1      | Kniotic the Centaur Air Elementalist began the quest for
                  | the Orb.
     0 | D:1      | Reached XP level 1. HP: 14/14 MP: 3/3
   550 | D:1      | Reached skill level 3 in Air Magic
   550 | D:1      | Reached XP level 2. HP: 12/20 MP: 0/5
   862 | D:1      | Learned a level 2 spell: Swiftness
  1318 | D:1      | Reached XP level 3. HP: 26/26 MP: 1/6
  1847 | D:2      | Noticed Natasha
  2723 | D:2      | Found a bloodstained altar of Trog.
  3071 | D:2      | Found a burning altar of Makhleb.
  3155 | D:1      | Killed Natasha
  3155 | D:1      | Reached XP level 4. HP: 33/33 MP: 1/8
  3279 | D:1      | Noticed Natasha
  3289 | D:1      | Killed Natasha
  3289 | D:1      | Reached skill level 4 in Air Magic
  3362 | D:1      | Noticed Natasha
  3373 | D:1      | HP: 1/33 [Natasha/magic dart (7)]
  3375 | D:1      | Slain by Natasha

Skill      XL: |  1  2  3  4 |
---------------+-------------+-----
Spellcasting   | 2 |  2.9
Air Magic      | 3 4 |  4.0
Dodging        | |  1.3
Stealth        | |  1.1
Conjurations   | |  0.8

Action                   |  1- 3 |  4- 6 || total
-------------------------+-------+-------++-------
Melee: Dagger            |    31 |       ||    31
       Kick              |     3 |       ||     3
       Spear             |     7 |     4 ||    11
 Cast: Shock             |   106 |    18 ||   124
       Swiftness         |     1 |       ||     1
  Use: Potion            |       |     1 ||     1
  Eat: Chunk             |     4 |     1 ||     5
       Ration            |     1 |       ||     1
Armor: Robe              |    28 |       ||    28
Dodge: Dodged            |    26 |     5 ||    31
